 Dungeon Crawl Stone Soup version 0.25-b1-46-gb8a1ec05df (webtiles) character file.

Game seed: 17953341576091009975

154 Chiseanne the Covered (level 5, -1/39 HPs)
             Began as a Demonspawn Wanderer on June 9, 2020.
             Slain by a worker ant (5 damage)
             ... on level 4 of the Dungeon.
             The game lasted 00:04:45 (1092 turns).

Chiseanne the Covered (Demonspawn Wanderer)         Turns: 1092, Time: 00:04:46

Health: -1/39      AC:  4    Str: 15    XL:     5   Next: 13%
Magic:  6/6        EV: 12    Int: 13    God:
Gold:   28         SH:  0    Dex: 11    Spells: 6/6 levels left

rFire    . . .     SeeInvis .   s - +1 mace
rCold    . . .     Gourm    .   (no shield)
rNeg     . . .     Faith    .   e - +0 robe
rPois    .         Spirit   .   (no helmet)
rElec    .         Reflect  .   h - +1 cloak
rCorr    .         Harm     .   (no gloves)
MR       .....                  (no boots)
Stlth    +++.......             (no amulet)
HPRegen  0.13/turn              (no ring)
MPRegen  0.10/turn              (no ring)

@: no status effects
A: claws 1, nightstalker 1
a: no special abilities


You were on level 4 of the Dungeon.
You were not hungry.

You visited 1 branch of the dungeon, and saw 4 of its levels.

You collected 28 gold pieces.

Inventory:

Hand Weapons
 a - a +2 dagger
 s - a +1 mace (weapon)
Missiles
 c - 2 curare-tipped darts (quivered)
Armour
 e - a +0 robe (worn)
 h - a +1 cloak (worn)
Jewellery
 g - a +4 ring of evasion {unknown}
Scrolls
 b - a scroll of immolation
Comestibles
 f - 2 rations


   Skills:
 * Level 2.5 Fighting
 - Level 1.1 Maces & Flails
 * Level 2.3 Throwing
 - Level 2.7 Armour
 * Level 1.7 Dodging
 * Level 2.4 Stealth
 - Level 1.1 Spellcasting
   Level 1.7 Fire Magic


You had 6 spell levels left.
You didn't know any spells.
Your spell library contained the following spells:

 Spells                   Type           Power        Failure   Level  Hunger
 Confusing Touch          Hex            #.......     63%         3    ####...
 Gell's Gravitas          Tloc           #.........   63%         3    ####...
 Petrify                  Tmut/Erth      #.......     95%         4    #####..
 Metabolic Englaciation   Hex/Ice        #.........   100%        5    ######.
 Yara's Violent Unravell  Hex/Tmut       #.........   100%        5    ######.


Dungeon Overview and Level Annotations

Branches:
Dungeon (4/15)
 Temple: D:4-7

Altars:
Makhleb
Okawaru
Wu Jian
Xom
Zin


Innate Abilities, Weirdness & Mutations

You have sharp fingernails.
You are slightly more attuned to the shadows.


Message History

You see here a robe.
You feel sick.
You feel sick. x4
Eating a chunk of flesh.
You eat the chunk of flesh.
This raw flesh tastes terrible.
You feel sick. x4
You are no longer poisoned.
A worker ant comes into view.
You see here a scroll of immolation.
b - a scroll of immolation You see here a robe.
You aren't carrying any potions.
Unknown command.
Okay, then.
Found a scroll of remove curse.
You hit the worker ant.
The worker ant is moderately wounded.
The worker ant bites you.
* * * LOW HITPOINT WARNING * * *
The worker ant bites you.
You die...

.# #.#####.##.##..#
<###..........# ...
......####.#####?.##
.####.# #.# #.. .#
#... ..# #.. .#
#..##### #.# .#
#..## #.# .# #...#
#.#.#
.####.#.########@#.#
......#.#.....##a#.#
.######.#.....##.#.#
......).......##.#.#
#######(#.....##.#.#
#.#..........#
#.########.### #.#
######.# #..
.......##


You could see a worker ant.

Vanquished Creatures
  An ogre (D:4)
  2 worker ants (D:4)
  A leopard gecko (D:4)
  An orc (D:3)
  2 bats (D:2)
  A goblin (D:2)
  3 hobgoblins
  4 jackals (D:3)
  A frilled lizard (D:2)
  A kobold (D:2)
  A rat (D:2)
18 creatures vanquished.

Notes
Turn   | Place    | Note
-------+----------+-------------------------------------------
     0 | D:1      | Chiseanne the Demonspawn Wanderer began the quest for the
                  | Orb.
     0 | D:1      | Chiseanne set off with the following items: a +2 dagger, 2
                  | curare-tipped darts, a +0 mace, a potion of lignification,
                  | a +0 robe, a ration
     0 | D:1      | Reached XP level 1. HP: 15/15 MP: 2/2
    60 | D:2      | Found an ornate altar of the Wu Jian Council.
   129 | D:2      | Gained mutation: You are slightly more attuned to the
                  | shadows. [demonic ancestry]
   129 | D:2      | Reached XP level 2. HP: 20/21 MP: 3/3
   176 | D:3      | Found a shimmering altar of Xom.
   177 | D:3      | Found an iron altar of Okawaru.
   177 | D:3      | Found an ornate altar of the Wu Jian Council.
   180 | D:3      | Found an ornate altar of the Wu Jian Council.
   180 | D:3      | Found a burning altar of Makhleb.
   180 | D:3      | Found a glowing silver altar of Zin.
   357 | D:3      | Found a faded altar of an unknown god.
   719 | D:4      | Noticed an ogre
   733 | D:4      | Killed an ogre
   733 | D:4      | Reached skill level 1 in Dodging
   733 | D:4      | Reached XP level 3. HP: 27/27 MP: 4/4
   733 | D:4      | Reached XP level 4. HP: 33/33 MP: 5/5
  1026 | D:4      | Gained mutation: You have sharp fingernails. [demonic
                  | ancestry]
  1026 | D:4      | Reached XP level 5. HP: 15/39 MP: 6/6
  1092 | D:4      | Slain by a worker ant

Illustrated notes

Levels and vault maps discovered:
D:1:      dpeg_arrival_pits, layout_basic, kennysheep_flooded_box
D:2:      layout_basic, nicolae_overflow_crystal_walls, lemuel_doored_altar,
          uniq_robin
D:3:      layout_basic, lemuel_round_altar,
          chequers_ecumenical_altar_simple_redux, doesnt_xom_only_xom
D:4:      minmay_chambers_of_twos, layout_loops_ring,
          nicolae_ru_great_annihilating_truth, cheibriados_altar_1,
          grunt_gozag_statues, serial_shops, nicolae_shop_statue_plus,
          uniq_edmund

Skill      XL: |  1  2 |
---------------+-------+-----
Fighting       | 2 |  2.5
Throwing       | 2 |  2.3
Dodging        | 1 |  1.7
Stealth        | 2 |  2.4
Maces & Flails | |  1.1
Armour         | |  2.7
Spellcasting   | |  1.1
Fire Magic     | |  1.7

Action                   |  1- 3 |  4- 6 || total
-------------------------+-------+-------++-------
Melee: Dagger            |    59 |    21 ||    80
       Mace              |       |     9 ||     9
Throw: Dart              |     2 |       ||     2
  Use: Scroll            |     6 |       ||     6
       Potion            |     1 |     1 ||     2
 Stab: Sleeping          |     1 |     1 ||     2
  Eat: Chunk             |       |     1 ||     1
Armor: Robe              |    16 |     2 ||    18
       Skin              |       |    18 ||    18
Dodge: Dodged            |    30 |     9 ||    39
